 Dungeon Crawl Stone Soup version 0.30-a0-354-g6b83867211 (webtiles) character file.

Game seed: 16232819223599352031

40 ytrimaz the Shield-Bearer (level 3, 0/29 HPs)
             Began as a Formicid Fighter on Nov 7, 2022.
             Slain by a gnoll
             ... wielding a +1 flail of protection
              (13 damage)
             ... on level 2 of the Dungeon.
             The game lasted 00:01:07 (1116 turns).

ytrimaz the Shield-Bearer (Formicid Fighter)        Turns: 1116, Time: 00:01:08

Health: 0/29       AC:  6    Str: 20    XL:     3   Next: 72%
Magic:  3/3        EV:  9    Int:  7    God:
Gold:   88         SH:  5    Dex: 15    Spells: 2/2 levels left

rFire   . . .      SeeInvis +    a - +0 long sword
rCold   . . .      Faith    .    c - +0 buckler
rNeg    . . .      Spirit   .    b - +0 scale mail
rPois   .          Reflect  .    (helmet unavailable)
rElec   .          Harm     .    (no cloak)
rCorr   .          Rampage  .    (no gloves)
Will    .....                    (no boots)
Stlth   ..........               f - amulet of regeneration
HPRegen 1.04/turn                (no ring)
MPRegen 0.08/turn                (no ring)

@: mighty
A: permanent stasis, dig shafts and tunnels, antennae 3, four strong arms
a: Dig, Shaft Self


You were on level 2 of the Dungeon.
You visited 1 branch of the dungeon, and saw 2 of its levels.

You collected 88 gold pieces.


Innate Abilities, Weirdness & Mutations

You cannot be hasted, slowed, berserked, paralysed or teleported.
You can dig through walls and to a lower floor.
You have a pair of large antennae on your head. (SInv)
Your four strong arms can wield two-handed weapons with a shield.


   Skills:
 - Level 3.2 Fighting
 + Level 3.8 Long Blades
 - Level 3.2 Armour
 - Level 4.0 Shields


You had 2 spell levels left.
You didn't know any spells.
Your spell library was empty.

Inventory:

Hand Weapons
 a - a +0 long sword (weapon)
Missiles
 e - 5 poisoned darts
Armour
 b - a +0 scale mail (worn)
 c - a +0 buckler (worn)
Jewellery
 f - an amulet of regeneration (around neck)
   (You found it on level 1 of the Dungeon)
Potions
 g - a potion of attraction {unknown}

Dungeon Overview and Level Annotations

Branches:
Dungeon (2/15) Zot: 10860

Altars:

.####### .....>##### #
#......... #.##.........
#............
####.##########....|....
.....!.@gg.g.....(....##
.......###########.##.#
....?.. ##....##.#
....... #......#g#
#.#.### #..#.##.#.# # #.
#.##.#..#.# {# ...
..#†<#.# .#..#######.# #
#. #.........


You could see 3 gnolls.


Message History

There is a stone staircase leading up here.
A giant cockroach is nearby!
A giant cockroach is nearby!
A giant cockroach is nearby!
You closely miss the giant cockroach. You block the giant cockroach's attack.
You slash the giant cockroach!
You kill the giant cockroach!
No target in view!
Unknown command.
You see here a giant cockroach corpse.
Key pressed, stopping explore.
No target in view!
A rat comes into view.
A rat is nearby!
You hit the rat.
You kill the rat!
Found a stone staircase leading down.
No target in view!
Unknown command.
No target in view!
Unknown command.
You see here a staff of poison.
No target in view!
You sense a monster nearby.
No target in view!
A gnoll comes into view.
It is wielding a +0 whip. 2 gnolls come into view.
A gnoll is wielding a +1 flail of protection.
The gnoll shouts! x2
There are monsters nearby!
You hit the gnoll. The gnoll barely misses you. You block the gnoll's attack.
The gnoll closely misses you.
There are monsters nearby!
Unknown command.
You barely miss the gnoll.
The gnoll hits you with a +1 flail of protection.
The gnoll hits you with a +0 whip. 😮 HP[-9]
You take 9 damage, and now have 20/29 hp.
MASSIVE DAMAGE!! (PAUSE)
You barely miss the gnoll.
The gnoll hits you with a +1 flail of protection.
The gnoll hits you with a +0 whip. 😮 HP[-1]
You take 1 damage, and now have 19/29 hp.
The gnoll attacks as you move away! The gnoll closely misses you.
The gnoll attacks as you move away! The gnoll hits you with a +0 flail!
* * * LOW HITPOINT WARNING * * *
😨 HP[-9]
You take 9 damage, and now have 10/29 hp.
MASSIVE DAMAGE!! (PAUSE) 😨 HP[+1]
The gnoll attacks as you move away! The gnoll barely misses you. 😨 HP[+1]
The gnoll attacks as you move away!
The gnoll hits you with a +1 flail of protection.
* * * LOW HITPOINT WARNING * * *
😨 HP[-3]
You take 3 damage, and now have 9/29 hp. 😨 HP[+1]
You hit the gnoll but do no damage.
The gnoll hits you with a +1 flail of protection.
* * * LOW HITPOINT WARNING * * *
😱 HP[-5]
You take 5 damage, and now have 5/29 hp.
Unknown command.
Okay, then. 😱 HP[+1] 😱 HP[+1] 😨 HP[+1]
The gnoll misses you. 😨 HP[+1]
The gnoll attacks as you move away!
The gnoll hits you with a +1 flail of protection.
* * * LOW HITPOINT WARNING * * *
😱 HP[-4]
You take 4 damage, and now have 5/29 hp.
You see here 2 stones. 😱 HP[+1]
The gnoll attacks as you move away!
The gnoll hits you with a +1 flail of protection.
* * * LOW HITPOINT WARNING * * *
😱 HP[-4]
You take 4 damage, and now have 2/29 hp.
The gnoll attacks as you move away!
The gnoll hits you but does no damage. 😱 HP[+2]
You regained 2 hp, and now have 4/29 hp. 😱 HP[+1] 😱 HP[+1]
The gnoll attacks as you move away!
You block the gnoll's attack. 😱 HP[+1] 😨 HP[+1] 😨 HP[+1] 😨 HP[+1] 😨 HP[+1]
The gnoll attacks as you move away! The gnoll barely misses you. 😨 HP[+1]
You feel very mighty all of a sudden.
The gnoll hits you with a +1 flail of protection!
You die...

Skill      XL: |  1  2 |
---------------+-------+-----
Long Blades    | 3 |  3.8
Fighting       | |  3.2
Armour         | |  3.2
Shields        | |  4.0

Action                   || total
-------------------------++-------
Melee: Long sword        ||    73
  Use: Scroll            ||     3
       Potion            ||     1
Armor: Scale mail        ||    36
Dodge: Dodged            ||    36
Block: Buckler           ||    21

Levels and vault maps discovered:
D:1:      lightli_arrival_windingriver, layout_basic,
          shapermc_ecumenical_altar_pompeii, roderic_lattice_a,
          reono_crystal_passage, nicolae_grassy_gnolls
D:2:      layout_basic, chequers_mini_garden

Notes
Turn   | Place    | Note
-------+----------+-------------------------------------------
     0 | D:1      | ytrimaz the Formicid Fighter began the quest for the Orb.
     0 | D:1      | Reached XP level 1. HP: 18/18 MP: 1/1
     0 | D:1      | magus.rc [v1.9.6]
   171 | D:1      | Reached XP level 2. HP: 24/24 MP: 2/2
   219 | D:1      | Reached skill level 3 in Long Blades
   347 | D:1      | Reached XP level 3. HP: 29/29 MP: 3/3
   970 | D:1      | Found a faded altar of an unknown god.
  1099 | D:2      | HP: 5/29 [gnoll/+1 flail of protection (6)]
  1104 | D:2      | HP: 4/29 [gnoll/+1 flail of protection (5)]
  1106 | D:2      | HP: 1/29 [gnoll/+1 flail of protection (5)]
  1116 | D:2      | Slain by a gnoll

Vanquished Creatures
  A gnoll (D:1)
  A dart slug (D:1)
  2 ball pythons (D:1)
  3 endoplasms (D:1)
  3 giant cockroaches
  3 goblins (D:1)
  4 hobgoblins (D:1)
  2 jackals (D:1)
  2 bats (D:1)
  A kobold (D:1)
  4 rats
26 creatures vanquished.

Vanquished Creatures (others)
  A plant (D:1)
1 creature vanquished.

Grand Total: 27 creatures vanquished

Table legend:
 A = Non-vault XP
 B = Vault XP
 C = Vault XP percentage of total XP
 D = Non-vault monster count
 E = Vault monster count
 F = Vault count percentage of total count
                 A         B        C        D         E       F
            +---------+---------+-------+---------+---------+-------
      Total |      44 |      14 |  24.1 |      25 |       1 |   3.8
            +---------+---------+-------+---------+---------+-------
        D:1 |      41 |      14 |  25.5 |      23 |       1 |   4.2
        D:2 |       3 |       0 |   0.0 |       2 |       0 |   0.0
            +---------+---------+-------+---------+---------+-------

Illustrated notes

Table legend:
 A = Kills in this place as a percentage of kills in entire the game.
 B = Kills by you in this place as a percentage of kills by you in the entire game.
 C = Kills by friends in this place as a percentage of kills by friends in the entire game.
 D = Other kills in this place as a percentage of other kills in the entire game.
 E = Experience gained in this place as a percentage of experience gained in the entire game.
 F = Experience gained in this place divided by the number of levels of this place that you have seen.
                   A       B       C       D       E      F
               +-------+-------+-------+-------+-------+----------------------
         Total | 100.0 | 100.0 |   N/A |   N/A | 100.0 |  29.0
       Dungeon | 100.0 | 100.0 |   N/A |   N/A | 100.0 |  29.0
               +-------+-------+-------+-------+-------+----------------------

Table legend: (Time is in decaauts)
 A = Elapsed time spent in this place.
 B = Non-inter-level travel time spent in this place.
 C = Inter-level travel time spent in this place.
 D = Time resting spent in this place.
 E = Time spent auto-exploring this place.
 F = Levels seen in this place.
 G = Mean time per level.
                   A        B        C        D        E       F      G
               +--------+--------+--------+--------+--------+-----+--------+
         Total |   1139 |   1130 |      9 |      0 |    866 |   2 |  569.5 |
       Dungeon |   1139 |   1130 |      9 |      0 |    866 |   2 |  569.5 |
               +--------+--------+--------+--------+--------+-----+--------+

Top non-repeatable levels by time:
     D:1: 1086 daAuts
     D:2: 52 daAuts
